Map: [ESL] Hard Lead

Players

Kelazhur - Winner!

  • Race: Terran Terran
  • Spawn Location: 11:00

trigger

  • Race: Protoss Protoss
  • Spawn Location: 5:00

Event: ESL SC2 Masters 2023 Winter (Regional)

VOD

Have the link to the VOD?

Description

Time

  • Played on: Nov. 19, 2023, 1:42 p.m.
  • Length: 9:29

All games in this series

Show
View Real Time Build Order
Export as new Build Order

Kelazhur Terran - Winner!

Build Orders:  

Get SALT Encoding   

  12  0:00  SCV  
  13  0:12  SCV  
  14  0:17  Supply Depot  
  14  0:24  SCV  
  15  0:38  SCV  
  15  0:40  Barracks  
  16  0:43  Refinery  
  16  0:50  SCV  
  17  1:03  SCV  
  18  1:15  SCV  
  19  1:27  Orbital Command, Marine  
  20  1:44  Command Center  
  20  1:51  Factory  
  20  1:53  SCV  
  21  2:03  Supply Depot  
  21  2:04  Barracks Reactor  
  21  2:06  SCV  
  22  2:12  Refinery  
  22  2:18  SCV  
  23  2:31  SCV  
  24  2:40  Starport  
  24  2:43  Hellion, SCV  
  24  2:44  Hellion  
  29  2:50  Barracks Tech Lab  
  29  2:55  Orbital Command, SCV  
  30  3:05  Hellion  
  32  3:07  Hellion  
  34  3:16  Medivac  
  36  3:21  SCV  
  36  3:22  SCV  
  38  3:30  Supply Depot  
  38  3:33  SCV  
  39  3:36  Marine x2  
  39  3:37  Siege Tank  
  39  3:38  SCV  
  45  3:45  SCV  
  46  3:51  Barracks  
  46  3:53  SCV  
  46  3:55  Marine x2  
  49  3:57  SCV  
  50  4:07  SCV  
  49  4:12  Marine  
  49  4:16  SCV  
  51  4:17  Siege Tank  
  51  4:19  Supply Depot  
  51  4:23  Marine, Refinery  
  51  4:24  Barracks, SCV  
  56  4:27  Bunker  
  56  4:33  SCV  
  56  4:36  SCV, Engineering Bay  
  56  4:37  Marine  
  59  4:42  Barracks Tech Lab  
  59  4:43  Supply Depot  
  59  4:45  SCV  
  60  4:51  Marine  
  61  4:53  SCV  
  61  4:54  Siege Tank  
  65  5:01  SCV  
  65  5:02  Stimpack, Marine  
  65  5:05  Marauder  
  69  5:12  Supply Depot, Marine  
  69  5:13  Barracks Tech Lab  
  70  5:16  Refinery  
  70  5:20  SCV  
  70  5:22  SCV  
  70  5:23  Marine  
  70  5:26  Siege Tank  
  74  5:31  Marauder  
  74  5:32  Combat Shield  
  74  5:34  SCV  
  77  5:37  Marine  
  77  5:39  Starport Reactor, Marauder  
  77  5:41  SCV  
  81  5:48  Marine  
  78  5:51  Terran Infantry Weapons Level 1, Supply Depot  
  78  5:54  SCV  
  78  5:56  Marine  
  78  5:57  Marauder  
  82  6:02  Siege Tank  
  85  6:06  SCV  
  85  6:09  Supply Depot  
  86  6:12  Marine  
  86  6:13  Supply Depot, Marauder  
  86  6:14  SCV  
  86  6:16  Medivac  
  86  6:18  Medivac  
  94  6:30  SCV x2, Marine x2  
  94  6:31  Supply Depot, Marauder  
  100  6:39  Marauder  
  101  6:43  SCV  
  101  6:45  Concussive Shells  
  101  6:46  Command Center  
  101  6:48  Factory Reactor  
  101  6:50  Marine x2  
  101  6:53  Medivac  
  105  6:55  Marauder, Supply Depot  
  105  7:00  SCV  
  106  7:03  Marauder  
  106  7:07  SCV  
  108  7:12  Supply Depot  
  108  7:13  SCV  
  109  7:16  Marine x2  
  111  7:25  Marauder  
  111  7:27  SCV  
  116  7:30  Marauder  
  116  7:32  Medivac x2  
  116  7:34  Barracks x2  
  120  7:37  SCV  
  120  7:43  Marine x2  
  117  7:46  Marauder  
  117  7:49  SCV  
  117  7:51  Marine  
  117  7:52  Widow Mine x2  
  120  8:01  Marine x2  
  120  8:03  SCV  
  122  8:07  Armory, SCV  
  122  8:09  Marauder  
  122  8:11  Supply Depot  
  125  8:14  Widow Mine x2  
  125  8:16  Medivac  
  131  8:20  Medivac  
  131  8:23  Marauder  
  131  8:25  Barracks Reactor  
  131  8:31  Marauder  
  131  8:32  SCV, Marauder  
  133  8:44  Marauder, Marine x2  
  133  8:48  SCV x2  
  139  8:53  Marauder  
  139  8:55  Marauder  
  141  9:02  Marine x2  
  137  9:07  Marauder  
  137  9:08  Marine  
  137  9:10  SCV x2  
Show
View Real Time Build Order
Export as new Build Order

trigger Protoss 

Build Orders: 1 Gate Expand, Blink Stalkers, Zealot Archon 

Get SALT Encoding   

  12  0:00  Probe  
  13  0:12  Probe  
  14  0:16  Pylon  
  14  0:24  Probe (Chrono Boost)  
  16  0:36  Gateway, Probe (Chrono Boost)  
  16  0:43  Probe (Chrono Boost)  
  16  0:45  Assimilator  
  17  0:50  Probe  
  18  1:03  Probe  
  19  1:15  Probe  
  20  1:24  Cybernetics Core  
  20  1:32  Nexus  
  20  1:34  Probe  
  21  1:41  Pylon  
  21  1:46  Assimilator  
  21  1:48  Probe  
  22  1:57  Adept (Chrono Boost)  
  22  2:00  Warp Gate, Probe  
  25  2:12  Probe  
  26  2:19  Stalker  
  28  2:24  Probe (Chrono Boost)  
  29  2:34  Probe (Chrono Boost)  
  29  2:36  Twilight Council  
  30  2:42  Probe (Chrono Boost)  
  31  2:44  Probe (Chrono Boost)  
  33  2:53  Probe (Chrono Boost)  
  33  2:54  Gateway, Probe (Chrono Boost)  
  33  2:56  Stalker  
  36  3:01  Probe  
  37  3:07  Blink (Chrono Boost), Probe  
  38  3:13  Probe  
  38  3:19  Pylon, Probe  
  40  3:28  Gateway  
  40  3:31  Robotics Facility  
  40  3:37  Probe x2  
  42  3:49  Probe x2  
  42  3:50  Stalker x2  
  48  3:57  Pylon  
  48  4:01  Probe x2  
  47  4:13  Probe  
  47  4:17  Warp Prism (Chrono Boost)  
  48  4:26  Stalker  
  50  4:32  Stalker  
  52  4:39  Probe x2  
  52  4:41  Assimilator  
  52  4:42  Stalker  
  56  4:49  Pylon  
  56  4:51  Probe  
  56  4:52  Stalker  
  59  4:53  Probe  
  60  5:05  Probe x2 (Chrono Boost)  
  62  5:08  Stalker  
  63  5:20  Probe x2 (Chrono Boost)  
  65  5:26  Stalker  
  65  5:27  Probe, Pylon, Stalker  
  70  5:31  Assimilator  
  70  5:36  Nexus  
  70  5:38  Pylon  
  70  5:44  Probe  
  70  5:46  Probe  
  66  5:55  Templar Archives  
  66  5:56  Probe  
  67  5:58  Probe (Chrono Boost)  
  67  6:01  Charge  
  67  6:02  Pylon  
  68  6:05  Observer (Chrono Boost)  
  68  6:09  Probe (Chrono Boost)  
  71  6:14  Gateway  
  71  6:16  Gateway, Probe (Chrono Boost)  
  72  6:18  Probe (Chrono Boost)  
  72  6:19  Gateway  
  72  6:23  Probe x2 (Chrono Boost)  
  74  6:33  Shield Battery  
  74  6:34  Psionic Storm  
  74  6:35  Shield Battery  
  72  6:44  Stalker x3  
  78  6:48  Shield Battery  
  78  6:55  Gateway  
  78  6:58  Gateway  
  78  7:08  High Templar x2  
  82  7:09  Zealot x2  
  82  7:11  Zealot  
  82  7:15  Gateway, Zealot  
  88  7:18  Archon  
  90  7:29  Zealot x2  
  87  7:41  Zealot x2  
  87  7:42  Probe x2  
  80  7:53  Zealot x2  
  80  7:55  Zealot x2  
  83  8:02  Zealot x2  
  80  8:06  Shield Battery  
  80  8:11  Gateway  
  75  8:15  Zealot x5  
  75  8:26  High Templar x2  
  77  8:38  High Templar x3  
  75  8:45  Zealot  
  70  8:56  Pylon  
  70  8:58  Pylon  
  70  9:00  Nexus  
  67  9:02  Pylon  
  67  9:09  Zealot  
  61  9:10  Zealot  
  59  9:21  Zealot x2  
Tags
 
Add a new tag
Caveats
  • Supply blocks, unpowered buildings, or Contaminate may cause inaccurate times.
  • Supply counts are checked every 10 seconds.